 Dungeon Crawl Stone Soup version 0.29.1-12-g30fa7ad0bf (webtiles) character file.

Game seed: 362241125255199160

10623 112233 the Zephyrmancer (level 11, -1/74 HPs)
             Began as an Octopode Air Elementalist on Dec 17, 2022.
             Was an Initiate of Gozag.
             Slain by a fire dragon (2 damage)
             ... while paralysed by an ogre mage
             ... on level 10 of the Dungeon.
             The game lasted 00:14:39 (17592 turns).

112233 the Zephyrmancer (OpAE)                     Turns: 17592, Time: 00:14:39

Health: -1/74      AC:  5    Str:  7    XL:     11   Next: 65%
Magic:  8/24       EV:  2    Int: 22    God:    Gozag
Gold:   1102       SH:  0    Dex: 13    Spells: 21/28 levels left

rFire   . . .      SeeInvis +   w - staff of air
rCold   + . .      Faith    .   D - +1 buckler
rNeg    . . .      Spirit   .   (helmet restricted)
rPois   +          Reflect  .   (no amulet)
rElec   +          Harm     .   A - +4 ring of evasion
rCorr   .          Rampage  .   y - ring of see invisible
Will    .....                   v - +4 ring of protection
Stlth   +++.......              x - ring of poison resistance
HPRegen 0.22/turn               N - ring of protection from cold
MPRegen 0.19/turn               (no ring)
                                (no ring)
                                (no ring)

@: paralysed, lethally poisoned (-1 -> -4), gold aura, slowed
A: almost no armour, amphibious, 8 rings, camouflage 1, gelatinous body 1,
(nimble swimmer 1), tentacles
a: Renounce Religion, Potion Petition, Call Merchant, Bribe Branch


You were on level 10 of the Dungeon.
You worshipped Gozag.
Gozag was most pleased with you.
You visited 2 branches of the dungeon, and saw 12 of its levels.
You also visited: Bailey.

You collected 1244 gold pieces.
You paid 142 gold pieces to Gozag.

Inventory:

Hand Weapons
 b - a +0 dagger
 o - a +2 war axe of protection
 r - a +1 short sword of venom
 u - a +2 hand axe of flaming
Missiles
 t - 3 throwing nets
 H - 8 datura-tipped darts
 K - 6 curare-tipped darts
Armour
 D - a +1 buckler (worn)
Magical Staves
 e - a staff of poison
 w - a staff of air (weapon)
Jewellery
 p - an amulet of guardian spirit
 v - a +4 ring of protection (on tentacle)
 x - a ring of poison resistance (on tentacle)
 y - a ring of see invisible (right tentacle)
 A - a +4 ring of evasion (left tentacle)
 N - a ring of protection from cold (on tentacle)
Wands
 l - a wand of iceblast (1)
 s - a wand of flame (7)
 z - a wand of paralysis (9)
 C - a wand of polymorph (26)
Scrolls
 a - a scroll of silence {unknown}
 d - 10 scrolls of identify
 f - a scroll of fear
 i - 4 scrolls of fog
 n - 6 scrolls of enchant weapon
 E - a scroll of blinking {unknown}
 L - 2 scrolls of noise
 M - 2 scrolls of immolation {unknown}
 O - a scroll of amnesia
 P - a scroll of acquirement {unknown}
Potions
 c - 8 potions of curing
 g - a potion of degeneration {unknown}
 h - a potion of lignification {unknown}
 j - 3 potions of mutation {unknown}
 k - 3 potions of brilliance {unknown}
 m - a potion of heal wounds {unknown}
 q - a potion of ambrosia {unknown}
 B - a potion of resistance
 F - 3 potions of attraction {unknown}
 J - 3 potions of haste
Miscellaneous
 I - a lightning rod (1/4)


   Skills:
 + Level 6.6 Fighting
 + Level 7.0 Dodging
 - Level 2.6 Stealth
 - Level 6.0 Shields
 * Level 9.2 Spellcasting
 - Level 1.0 Conjurations
 + Level 10.8 Air Magic


You had 21 spell levels left.
You knew the following spells:

 Your Spells              Type           Power      Damage    Failure   Level
a - Shock                 Conj/Air       100%       1d9       1%          1
b - Static Discharge      Conj/Air       53%        3-10/arc  1%          2
c - Airstrike             Air            36%        2d(6-22)  1%          4

Your spell library contained the following spells:

 Spells                   Type           Power      Damage    Failure   Level
 Swiftness                Air            72%        N/A       1%          3
 Necrotise                Necr           40%        1d6       9%          1
 Conjure Flame            Conj/Fire      12%        6-21      21%         3
 Gell's Gravitas          Tloc           10%        N/A       26%         3
 Ignite Poison            Fire/Tmut/Pois 10%        N/A       26%         3
 Lesser Beckoning         Tloc           10%        N/A       26%         3
 Teleport Other           Tloc           10%        N/A       26%         3
 Vampiric Draining        Necr           10%        2d6       26%         3
 Sticky Flame             Conj/Fire      12%        2d4       56%         4
 Dispel Undead            Necr           10%        3d9       63%         4
 Agony                    Necr           10%        N/A       93%         5


Dungeon Overview and Level Annotations

Branches:
Dungeon (11/15)            Temple (1/1) D:4          Bailey (visited)
   Lair: D:8-11         Orc: D:9-12

Altars:
Ashenzari
Cheibriados
Dithmenos
Elyvilon
Fedhas
Gozag
Hepliaklqana
Kikubaaqudgha
Makhleb
Okawaru
Qazlal
Ru
Sif Muna
Trog
Uskayaw
Vehumet
Wu Jian
Yredelemnul
Zin
The Shining One

Shops:
D:2 =   D:5 !

Annotations:
D:4 2 runed translucent doors
D:11 Maurice


Innate Abilities, Weirdness & Mutations

You cannot wear most types of armour.
You are amphibious.
You can wear up to eight rings at the same time.
Your skin changes colour to match your surroundings (Stealth+).
Your rubbery body absorbs attacks. (AC +1, EV +1)
((You are camouflaged when in or above water. (Stealth+)))
You have tentacles for arms and can constrict up to eight enemies at once.


Message History

Unknown command.
As you read the scroll labelled VEOCUA JOZIH, it crumbles to dust.
You hear a loud clanging noise!
It was a scroll of noise.
You hear a shout!
You hear a bellow! x3; You hear a shout! x3
The boulder beetle leaps!
The kobold brigand throws a curare-tipped dart.
The curare-tipped dart hits you.
You are poisoned.
You have difficulty breathing.
You feel as though you will be slow longer.
The ogre mage casts a spell.
The ogre mage flickers and vanishes for a moment.
Casting: Airstrike (dangerous; 1% risk of failure)
Confirm with . or Enter, or press ? or * to list all spells.
You feel a surge of power!
The kobold brigand is struck by an arc of lightning.
You kill the kobold brigand!
You resist.
You are struck by an arc of lightning.
You feel very sick. The fire dragon breathes flames at you.
The blast of flame hits the ogre mage!!!
The blast of flame misses you.
You hear a bellow!
You feel very sick.
The ogre mage points at you and mumbles some strange words.
You suddenly lose the ability to move!
The ogre mage hits you from afar with a +0 spear!
You feel sick. x2
The ogre mage hits you but does no damage.
The fire dragon bites you. The fire dragon claws you!
The fire dragon tramples you but does no damage.
You feel sick.
The ogre mage hits you from afar with a +0 spear!
* * * LOW HITPOINT WARNING * * *
The fire dragon bites you!
* * * LOW HITPOINT WARNING * * *
The fire dragon claws you.
You die...
Your body crumbles into a pile of gold.

............######....##### #....
≈≈≈..PPPP...# ###......# #.###
...........## ###......###.#
############ #........+.#.# .#
#.#......#.#'### .#
#####...#........... .#
#.......#...........
.#############..##.........###...
..............)#@####...#### #...
##############.##DY.##### ##...
#####...#O....... #....
#.....(.#..#..... #....
#.....))##.. #### ##....
#........#..# #.....
#########........#..# #.....
........'........#..# #.....
#########.......##..# ##....


You could see a fire dragon, an ogre mage (invisible) and a yak.

Vanquished Creatures
  2 two-headed ogres
  Sonja (D:10)
  An ugly thing (D:8)
  A cyclops (D:10)
  2 trolls (D:10)
  Grinder (D:6)
  A slime creature (D:8)
  Sigmund (D:5)
  3 wraiths
  2 yaks (D:10)
  4 steam dragons
  2 acid dragons
  2 water moccasins
  An ice beast (D:6)
  A black bear (D:6)
  7 orc warriors
  An ogre (D:5)
  8 centaurs
  A phantom (D:5)
  8 bullfrogs
  11 kobold brigands
  3 necrophages
  A gnoll sergeant (D:9)
  4 scorpions
  2 wights
  5 killer bees (D:10)
  11 howler monkeys
  An orc priest (D:10)
  3 hounds
  2 gnoll boudas
  3 iguanas
  10 orc wizards
  12 gnolls
  8 adders
  2 shadow imps
  3 ufetubi
  3 worms
  2 dart slugs
  27 orcs
  7 endoplasms
  8 giant cockroaches
  11 goblins
  6 hobgoblins
  2 jackals (D:1)
  30 kobolds
  3 quokkas
  9 ball pythons
  12 bats
  2 frilled lizards (D:1)
  5 rats
258 creatures vanquished.

Vanquished Creatures (collateral kills)
  A kobold demonologist (D:10)
  2 yaks (D:10)
3 creatures vanquished.

Vanquished Creatures (others)
  2 kobolds (D:5)
  48 plants
50 creatures vanquished.

Grand Total: 311 creatures vanquished

Notes
Turn   | Place    | Note
-------+----------+-------------------------------------------
     0 | D:1      | 112233 the Octopode Air Elementalist began the quest for
                  | the Orb.
     0 | D:1      | Reached XP level 1. HP: 11/11 MP: 3/3
   493 | D:1      | Reached XP level 2. HP: 17/17 MP: 1/5
   734 | D:1      | Reached skill level 4 in Air Magic
   867 | D:1      | Reached XP level 3. HP: 21/21 MP: 2/6
  1210 | D:1      | Learned a level 2 spell: Static Discharge
  1593 | D:2      | Found Viahicugum's Jewellery Shoppe.
  1735 | D:2      | Reached XP level 4. HP: 27/27 MP: 1/7
  1999 | D:2      | Reached skill level 5 in Air Magic
  2409 | D:3      | Noticed a shining eye
  2411 | D:3      | Found a faded altar of an unknown god.
  2413 | D:3      | Noticed a shining eye
  2413 | D:3      | Noticed an eye of devastation
  2413 | D:3      | Noticed an eye of devastation
  3562 | D:4      | You fall into a shaft and drop 2 floors!
  3700 | D:6      | Reached XP level 5. HP: 31/31 MP: 3/8
  3707 | D:5      | Entered Level 5 of the Dungeon
  3988 | D:5      | HP: 1/25 [necrophage (3)]
  3990 | D:5      | Reached skill level 6 in Air Magic
  4143 | D:5      | Reached XP level 6. HP: 27/36 MP: 2/9
  4228 | D:5      | Noticed Sigmund
  4236 | D:5      | Learned a level 4 spell: Airstrike
  4281 | D:5      | Killed Sigmund
  4282 | D:5      | Reached skill level 7 in Air Magic
  4376 | D:5      | Noticed a water moccasin
  4391 | D:5      | Found a stormy altar of Qazlal.
  4409 | D:5      | Killed a water moccasin
  4410 | D:5      | Reached skill level 8 in Air Magic
  4410 | D:5      | Reached XP level 7. HP: 41/41 MP: 1/10
  4743 | D:4      | Found a broken altar of Ashenzari.
  4855 | D:4      | Found a staircase to the Ecumenical Temple.
  4916 | Temple   | Entered the Ecumenical Temple
  5052 | D:4      | Found a large runed translucent door.
  5053 | D:4      | Found a large runed translucent door.
  5819 | D:5      | Reached skill level 1 in Fighting
  5819 | D:5      | Reached skill level 1 in Shields
  6096 | D:5      | Reached XP level 8. HP: 48/48 MP: 7/12
  7447 | D:5      | Found Cuulaina's Distillery.
  8938 | D:6      | Noticed Grinder
  8940 | D:6      | Killed Grinder
  9313 | D:6      | Reached XP level 9. HP: 56/56 MP: 2/15
  9328 | D:6      | Reached skill level 9 in Air Magic
  9931 | D:6      | Found a glowing golden altar of the Shining One.
  9998 | D:7      | Reached skill level 5 in Spellcasting
 10006 | D:7      | Found a flagged portal.
 10019 | Bailey   | Entered a bailey
 10743 | Bailey   | Found an iron altar of Okawaru.
 11312 | D:7      | Found an opulent altar of Gozag.
 11320 | D:7      | Reached skill level 5 in Dodging
 11320 | D:7      | Reached XP level 10. HP: 65/65 MP: 6/19
 11328 | D:7      | Became a worshipper of Gozag Ym Sagoz the Greedy
 12286 | D:7      | Found a sacrificial altar of Ru.
 13032 | D:8      | Noticed a green ugly thing
 13528 | D:8      | Reached skill level 5 in Fighting
 13528 | D:8      | Reached skill level 5 in Shields
 13680 | D:8      | Killed a green ugly thing
 13681 | D:8      | Reached skill level 10 in Air Magic
 13683 | D:8      | Noticed a catoblepas
 14054 | D:8      | You fall into a shaft and drop 2 floors!
 14054 | D:10     | Entered Level 10 of the Dungeon
 14054 | D:10     | Found a glowing silver altar of Zin.
 14158 | D:10     | Noticed Sonja
 14160 | D:10     | Killed Sonja
 14602 | D:11     | Noticed Maurice
 14609 | D:10     | Reached XP level 11. HP: 53/72 MP: 1/23
 14882 | D:9      | Noticed a two-headed ogre
 14889 | D:9      | Killed a two-headed ogre
 17326 | D:10     | Noticed a two-headed ogre
 17332 | D:10     | Noticed a cyclops
 17370 | D:10     | Noticed a sun demon
 17372 | D:10     | Killed a two-headed ogre
 17406 | D:10     | Killed a cyclops
 17583 | D:10     | Noticed an ogre mage
 17584 | D:10     | Noticed a boulder beetle
 17585 | D:10     | Noticed a fire dragon
 17589 | D:10     | Paralysed by an ogre mage for 5 turns
 17592 | D:10     | HP: 1/74 [fire dragon (9)]
 17592 | D:10     | Slain by a fire dragon

Illustrated notes

Levels and vault maps discovered:
D:1:      dpeg_arrival_chambers_temple_mockup, layout_rooms
D:2:      layout_rooms, serial_shops, shop_statue,
          chequers_serial_rivers_large_a
D:3:      layout_loops_corners, hellmonk_ecumenical_altar_watching_god
D:4:      layout_basic, ashenzari_altar_1, jmf_multi_god_temple2,
          minmay_temple_entry_junction
D:5:      kennysheep_kobold_camp, layout_basic, grunt_qazlal_sundering,
          portal_sewer_entry_d, serial_shops, shop, uniq_sigmund
D:6:      layout_basic, tso_oasis_becter, chequers_serial_rivers_small_a,
          minmay_puff, uniq_grinder
D:7:      layout_gridville, nicolae_ru_path_of_blood, kennysheep_mini,
          enter_bailey_3, minmay_circle_x
D:8:      layout_loops_ring, minmay_shattered_shrine
D:9:      layout_basic
D:10:     layout_basic, mainiacjoe_overflow_boulevard,
          chequers_decorated_corner, minmay_pinched_square, uniq_sonja
D:11:     layout_irregular_city, erik_lair_island, gauntlet_entry_generic,
          david_defended_altar_orc, uniq_maurice, uniq_fannar, uniq_snorg
Temple:   nicolae_temple_ecumenical_triangle

Skill      XL: |  1  2  3  4  5  6  7  8  9 10 11 |
---------------+----------------------------------+-----
Air Magic      | 4 5 6 8 9 10 | 10.8
Fighting       | 1 3 4 5 6 |  6.6
Shields        | 1 2 4 5 6 |  6.0
Spellcasting   | 4 6 8 9 |  9.2
Dodging        | 3 5 6 7 |  7.0
Stealth        | |  2.6
Conjurations   | |  1.0

Action                   |  1- 3 |  4- 6 |  7- 9 | 10-12 || total
-------------------------+-------+-------+-------+-------++-------
Melee: Unarmed           |     3 |       |       |       ||     3
       Tentacles         |     9 |     2 |     2 |     9 ||    22
       Dagger            |    17 |       |       |       ||    17
       Constrict         |     7 |     4 |     5 |     7 ||    23
       War axe           |       |    11 |     6 |       ||    17
       Staff             |       |       |     9 |    32 ||    41
 Cast: Shock             |    73 |    81 |    41 |    12 ||   207
       Static Discharge  |       |     1 |    10 |    19 ||    30
       Airstrike         |       |     5 |   102 |   135 ||   242
Evoke: Wand              |       |       |    27 |    21 ||    48
       Lightning rod     |       |       |       |     4 ||     4
  Use: Potion            |       |     1 |     1 |       ||     2
       Scroll            |       |       |     5 |     8 ||    13
 Stab: Paralysed         |       |       |       |     3 ||     3
Armor: Skin              |     4 |     2 |     1 |    11 ||    18
Dodge: Dodged            |    23 |    16 |    48 |    56 ||   143
Block: Buckler           |       |       |       |     7 ||     7
